 Dungeon Crawl Stone Soup version 0.29.1-15-g9cfb28693d (webtiles) character file.

Game seed: 9520232683871300963

33 ChiefBigBeans the Grave Robber (level 3, 0/28 HPs)
             Began as a Ghoul Necromancer on Feb 23, 2023.
             Slain by Terence
             ... wielding a +0 short sword
              (1 damage)
             ... on level 2 of the Dungeon.
             The game lasted 00:07:47 (1862 turns).

ChiefBigBeans the Grave Robber (Ghoul Necromancer)  Turns: 1862, Time: 00:07:47

Health: 0/28       AC:  5    Str: 11    XL:     3   Next: 29%
Magic:  1/5        EV: 11    Int: 12    God:
Gold:   32         SH:  0    Dex:  9    Spells: 5/6 levels left

rFire   . . .      SeeInvis .   d - +0 short sword (protect)
rCold   + . .      Faith    .   (no shield)
rNeg    + + +      Spirit   .   j - +1 leather armour {Will+}
rPois   ∞          Reflect  .   (no helmet)
rElec   .          Harm     .   c - +0 cloak
rCorr   .          Rampage  .   (no gloves)
Will    +....                   (no boots)
Stlth   +.........              (no amulet)
HPRegen 0.00/turn               (no ring)
MPRegen 0.09/turn               (no ring)

@: inhibited regen, studying Shields
A: claws 1, cold resistance 1, negative energy resistance 3, inhibited
regeneration, torment resistance 2, devour on kill
a: no special abilities


You were on level 2 of the Dungeon.
You visited 1 branch of the dungeon, and saw 2 of its levels.

You collected 32 gold pieces.

Inventory:

Hand Weapons
 d - a +0 short sword of protection (weapon)
Armour
 c - a +0 cloak (worn)
 g - a +0 ring mail
 j - a +1 leather armour of willpower (worn)
Scrolls
 a - a scroll of identify
 e - 2 scrolls of silence {unknown}
 f - a scroll of magic mapping
 h - a scroll of teleportation
 k - a scroll of summoning {unknown}
Potions
 b - a potion of magic
 i - 2 potions of heal wounds


   Skills:
 + Level 1.3 Fighting
 + Level 1.1 Armour
 - Level 1.7 Dodging
 - Level 2.1 Stealth
 * Level 0.0 Shields
 + Level 2.1 Spellcasting
 + Level 4.2 Necromancy


You had 5 spell levels left.
You knew the following spells:

 Your Spells              Type           Power      Damage    Failure   Level
a - Necrotise             Necr           44%        1d6       6%          1

Your spell library contained the following spells:

 Spells                   Type           Power      Damage    Failure   Level
 Vampiric Draining        Necr           11%        2d6       19%         3
 Ensorcelled Hibernation  Hex/Ice        2%         N/A       47%         2
 Passwall                 Tmut/Erth      0%         N/A       47%         2
 Animate Dead             Necr           11%        N/A       52%         4
 Swiftness                Air            1%         N/A       71%         3
 Agony                    Necr           11%        N/A       86%         5


Dungeon Overview and Level Annotations

Branches:
Dungeon (2/15)

Altars:

Annotations:
D:2 Terence


Innate Abilities, Weirdness & Mutations

You are immune to poison.
You have sharp fingernails.
Your flesh is cold resistant. (rC+)
You are immune to negative energy. (rN+++)
You do not regenerate when monsters are visible.
You are immune to unholy pain and torment.
You thrive by killing the living.


Message History

Terence hits you but does no damage.
You hit Terence but do no damage.
Terence is lightly wounded.
Terence hits you but does no damage.
You hit Terence but do no damage.
Terence is lightly wounded.
Terence hits you but does no damage.
You hit Terence but do no damage.
Terence is lightly wounded.
Terence barely misses you.
You closely miss Terence.
Terence is lightly wounded.
Terence barely misses you.
You barely miss Terence.
Terence is lightly wounded.
Terence hits you but does no damage. Terence barely misses you.
Terence writhes in agony.
Terence misses you.
Terence writhes in agony.
Terence hits you with a +0 short sword.
You are out of magic!
You hit Terence but do no damage.
Your weapon exudes an aura of protection.
Terence is moderately wounded.
Terence screams, "I'm going to kill you!"
Terence misses you.
You barely miss Terence.
Terence is moderately wounded.
Terence hits you with a +0 short sword!
You barely miss Terence.
Terence is moderately wounded.
Terence hits you with a +0 short sword.
* * * LOW HITPOINT WARNING * * *
You hit Terence but do no damage.
Terence is moderately wounded.
Terence completely misses you. Terence hits you but does no damage.
Terence closely misses you. Terence attacks as you move away!
Terence hits you with a +0 short sword.
* * * LOW HITPOINT WARNING * * *
Terence hits you with a +0 short sword.
You die...

#..........#.†^..#
##...#.....##...##
########.........
#.........##.
#####.#.....#....
#................
###.#......#..####.
#######.....#..###.##
#.
#.......@#.........#
#.
...#####@##.#..######
#. ##....#..# #.
...#####.........# #.
..........#......# #.
....####..#......#
.........##......#
.################


You could see Terence.

Vanquished Creatures
  An endoplasm (D:1)
  A giant cockroach (D:1)
  3 goblins
  3 hobgoblins
  3 jackals (D:2)
  3 quokkas (D:1)
  2 ball pythons (D:1)
  2 bats
  2 frilled lizards (D:1)
  4 kobolds (D:1)
  4 rats
28 creatures vanquished.

Vanquished Creatures (collateral kills)
  A goblin (D:1)
  A frilled lizard (D:2)
2 creatures vanquished.

Grand Total: 30 creatures vanquished

Notes
Turn   | Place    | Note
-------+----------+-------------------------------------------
     0 | D:1      | ChiefBigBeans the Ghoul Necromancer began the quest for the
                  | Orb.
     0 | D:1      | Reached XP level 1. HP: 14/14 MP: 2/2
   323 | D:1      | Reached XP level 2. HP: 17/22 MP: 0/3
   719 | D:1      | Reached skill level 1 in Fighting
  1402 | D:1      | Found a faded altar of an unknown god.
  1410 | D:1      | Reached skill level 1 in Armour
  1410 | D:1      | Reached XP level 3. HP: 28/28 MP: 5/5
  1822 | D:2      | Noticed Terence
  1859 | D:2      | HP: 1/28 [Terence/+0 short sword (6)]
  1862 | D:2      | Slain by Terence

Illustrated notes

Levels and vault maps discovered:
D:1:      dpeg_arrival_shelter, layout_basic,
          shapermc_ecumenical_altar_starsandcircs
D:2:      layout_rooms, uniq_crazy_yiuf_cottage, uniq_terence

Skill      XL: |  1  2 |
---------------+-------+-----
Spellcasting   | 2 |  2.1
Fighting       | 1 |  1.3
Armour         | 1 |  1.1
Dodging        | |  1.7
Stealth        | |  2.1
Necromancy     | |  4.2

Action                   || total
-------------------------++-------
Melee: Mace              ||    25
       Short sword       ||    54
       Punch             ||     1
 Cast: Necrotise         ||    48
  Use: Scroll            ||     3
       Potion            ||     3
 Stab: Distracted        ||     1
       Sleeping          ||     1
Armor: Robe              ||     3
       Ring mail         ||     3
       Leather armour    ||    32
Dodge: Dodged            ||    74
